[Event "Chessable Masters - Torneo preliminare"]
[White "Chirila, Ioan-Cristian"]
[Black "Gukesh, D"]
[WhiteFideId "1211668"]
[BlackFideId "46616543"]
[WhiteElo "2508"]
[BlackElo "2629"]
[Result "1/2-1/2"]
[Round "2"]
[TimeControl "600+2"]
[Date "2023.03.13"]
[WhiteClock "0:00:03"]
[BlackClock "0:00:05"]

1. d4 Nf6 2. c4 g6 3. Nc3 Bg7 4. Nf3 O-O 5. g3 d5 6. Bg2 dxc4 7. Ne5 c5 8. dxc5 Qc7 9. Nxc4 Qxc5 10. Qb3 Be6 11. Qxb7 Nbd7 12. Nd2 Rab8 13. Qa6 Nd5 14. Nde4 Qc7 15. O-O Nxc3 16. Nxc3 Ne5 17. Nd5 Qd7 18. Rd1 Rb6 19. Qa3 Bxd5 20. Rxd5 Qe6 21. Qxa7 Nc4 22. Bg5 Rxb2 23. Rc1 Rxe2 24. Qxe7 Bb2 25. Rxc4 Re1+ 26. Bf1 Rxf1+ 27. Kxf1 Qxd5 28. Re4 Bg7 29. a4 Rb8 30. Qe8+ Bf8 31. Qxb8 Qxe4 32. Bh6 Qh1+ 33. Ke2 Qe4+ 34. Kf1 Qh1+ 35. Ke2 Qe4+ 36. Kd2 Qd4+ 37. Ke2 Qe4+ 1/2-1/2


[Site "Internet"]

[Event "Chessable Masters - Torneo preliminare"]
[White "Sevian, Samuel"]
[Black "Pichot, Alan"]
[WhiteFideId "2040506"]
[BlackFideId "110973"]
[WhiteElo "2582"]
[BlackElo "2549"]
[Result "1/2-1/2"]
[Round "2"]
[TimeControl "600+2"]
[Date "2023.03.13"]
[WhiteClock "0:00:11"]
[BlackClock "0:00:10"]

1. c4 e6 2. Nc3 d5 3. d4 Nf6 4. cxd5 exd5 5. Bg5 Bb4 6. e3 h6 7. Bh4 g5 8. Bg3 h5 9. h4 Ne4 10. Ne2 Nxg3 11. Nxg3 gxh4 12. Nxh5 c6 13. Qf3 Qg5 14. Be2 Be6 15. g3 hxg3 16. Rg1 gxf2+ 17. Qxf2 Qe7 18. Rc1 Nd7 19. Ng7+ Kd8 20. Nh5 Rc8 21. a3 Bd6 22. Kd2 Kc7 23. Nb5+ Kb8 24. Nxd6 Qxd6 25. b4 Nb6 26. Rg5 Rcg8 27. Rcg1 Rxg5 28. Rxg5 Nd7 29. Qf4 Kc7 30. Rg7 Qxf4 31. Nxf4 Kd6 32. Bh5 Rf8 33. Bg4 b6 34. Bxe6 fxe6 35. Nd3 a5 36. bxa5 bxa5 37. Rg6 Rf6 38. Rg8 e5 39. dxe5+ Nxe5 40. Nxe5 Kxe5 41. Re8+ Kd6 42. Ra8 Rf2+ 43. Kc3 Ke5 44. Re8+ Kd6 45. Ra8 Re2 46. Kd3 Rb2 47. Rxa5 Ke5 48. Rc5 Rb3+ 49. Rc3 Rb6 50. a4 Ra6 51. a5 Rxa5 52. Rxc6 1/2-1/2


[Site "Internet"]

[Event "Chessable Masters - Torneo preliminare"]
[White "Yakubboev, Nodirbek"]
[Black "Antipov, Mikhail Al."]
[WhiteFideId "14203987"]
[BlackFideId "4107012"]
[WhiteElo "2577"]
[BlackElo "2593"]
[Result "1-0"]
[Round "2"]
[TimeControl "600+2"]
[Date "2023.03.13"]
[WhiteClock "0:01:09"]
[BlackClock "0:02:27"]

1. c4 c5 2. g3 g6 3. Bg2 Bg7 4. Nc3 Nc6 5. Nf3 d6 6. O-O Be6 7. d3 Qc8 8. Rb1 Bh3 9. Bxh3 Qxh3 10. Nd5 Qd7 11. Bd2 e6 12. Bc3 f6 13. Nf4 Nge7 14. b4 b6 15. e3 e5 16. Nd5 Nxd5 17. cxd5 Ne7 18. e4 O-O 19. bxc5 bxc5 20. Nd2 f5 21. f3 f4 22. g4 h5 23. h3 Bf6 24. Kf2 Kf7 25. Qb3 Rh8 26. Rh1 hxg4 27. hxg4 Rxh1 28. Rxh1 Rh8 29. Rxh8 Bxh8 30. Nc4 Bf6 31. Qb7 Ke8 32. Qa6 Nc8 33. Qxc8+ Qxc8 34. Nxd6+ Kd7 35. Nxc8 Kxc8 36. Ke2 Kd7 37. Kd2 Kd6 38. Kc2 Bh4 39. Kb3 a6 40. Ka4 Bd8 41. Ba5 Bh4 42. Bb6 Be1 43. Kb3 Bf2 44. Kc4 Be3 45. Ba7 Bd4 46. a3 a5 47. a4 g5 48. Bb6 1-0


[Site "Internet"]

[Event "Chessable Masters - Torneo preliminare"]
[White "Terry, Renato"]
[Black "Iturrizaga Bonelli, Eduardo"]
[WhiteFideId "3803457"]
[BlackFideId "3901211"]
[WhiteElo "2472"]
[BlackElo "2654"]
[Result "1/2-1/2"]
[Round "2"]
[TimeControl "600+2"]
[Date "2023.03.13"]
[WhiteClock "0:00:14"]
[BlackClock "0:00:09"]

1. d4 Nf6 2. Nf3 e6 3. c4 Bb4+ 4. Bd2 a5 5. g3 d5 6. Qc2 O-O 7. Bg2 Be7 8. O-O c6 9. Bf4 Nbd7 10. Nbd2 Nh5 11. Be3 f5 12. cxd5 exd5 13. Bf4 g5 14. Be5 g4 15. Ne1 Nxe5 16. dxe5 f4 17. Nd3 Bf5 18. Qb3 Bxd3 19. Qxd3 Qc7 20. Qd4 Ng7 21. Rac1 Rad8 22. Nb3 Ne6 23. Qa4 Qxe5 24. Nxa5 Ra8 25. b4 Nd4 26. Rfe1 fxg3 27. fxg3 Nxe2+ 28. Kh1 Rf2 29. Nxc6 Nxg3+ 30. Kg1 Ne2+ 31. Rxe2 Qxe2 32. Bxd5+ Kg7 33. Qxa8 Rf8 34. Qa3 bxc6 35. Bxc6 Bg5 36. Qc3+ Kh6 37. Re1 Rf1+ 38. Rxf1 Be3+ 39. Qxe3+ Qxe3+ 40. Kg2 Qe6 41. b5 Qxa2+ 42. Rf2 Qb3 43. Kg1 Kg5 44. Re2 Qc3 45. Kg2 h5 46. Kf2 Qc5+ 47. Ke1 h4 48. Kd2 Qd4+ 49. Kc2 Qc4+ 50. Kd2 h3 51. Rf2 Qd4+ 52. Ke2 Qc3 53. Kd1 Kh4 54. Ke2 Qc4+ 55. Ke3 Qc5+ 56. Ke2 Qd6 57. Ke3 Qe5+ 58. Kd3 g3 59. hxg3+ Kxg3 60. Rf3+ Kg4 61. Re3 Qd6+ 62. Kc4 h2 63. Rd3 Qe6+ 64. Kc5 Qe7+ 65. Kb6 Qf6 66. Kb7 Qg7+ 67. Ka6 Qh6 68. Rd1 Kg3 69. Kb7 Qh7+ 70. Ka6 Qc2 71. Rh1 Qc4 72. Kb6 Qd4+ 73. Ka6 Qc5 74. Kb7 Qd6 75. Kb6 Kf2 76. Kb7 Ke3 77. Re1+ Kd2 78. Rh1 Qe7+ 79. Kb6 Qe5 80. Kb7 Kc3 81. Kb6 Kb4 82. Rb1+ Ka4 83. Ka6 Qf6 84. Rc1 Qh6 85. Rb1 Qg6 86. Rc1 Qf6 87. Rb1 Qg6 88. Rc1 Kb4 89. Rh1 Qg1 90. Kb7 Ka5 91. Kc7 Qg3+ 92. Kd7 Kb6 93. Ke6 Qf4 94. Kd5 Kc7 95. Kc5 Qe3+ 96. Kd5 Qf2 97. Ke5 Qg1 98. Ke6 Qe3+ 99. Kd5 Qd3+ 100. Ke5 Qd6+ 101. Ke4 Kb6 102. Kf3 Qd3+ 103. Kg2 Qe2+ 104. Kg3 Qe3+ 105. Kxh2 Qf2+ 106. Kh3 Qf5+ 107. Kg2 1/2-1/2


[Site "Internet"]

[Event "Chessable Masters - Torneo preliminare"]
[White "Alekseenko, Kirill"]
[Black "Kramnik, Vladimir"]
[WhiteFideId "4135539"]
[BlackFideId "4101588"]
[WhiteElo "2632"]
[BlackElo "2756"]
[Result "1-0"]
[Round "2"]
[TimeControl "600+2"]
[Date "2023.03.13"]
[WhiteClock "0:00:24"]
[BlackClock "0:00:03"]

1. e4 e5 2. Nf3 Nc6 3. Bc4 Nf6 4. d3 Be7 5. Nc3 d6 6. a4 O-O 7. O-O h6 8. h3 Re8 9. Re1 Bf8 10. a5 a6 11. Be3 Be6 12. Bxe6 Rxe6 13. Nd5 Re8 14. c4 g6 15. b4 Bg7 16. Qd2 Kh7 17. b5 Nxd5 18. cxd5 Ne7 19. Reb1 f5 20. Qc2 axb5 21. Rxb5 b6 22. Bd2 Qd7 23. Qc4 Ra7 24. Rab1 Nc8 25. Qc2 f4 26. axb6 cxb6 27. R5b4 Rc7 28. Rc4 Rc5 29. Bb4 Rxc4 30. Qxc4 Ne7 31. Qa6 Rb8 32. Qa3 Nc8 33. Rc1 Rb7 34. Rc6 Rc7 35. Qa8 Bf6 36. Nd2 b5 37. Nf3 Be7 38. Ba5 Rxc6 39. dxc6 Qe6 40. Qb7 g5 41. Qd7 Qg8 42. d4 Qf8 43. dxe5 Kg8 44. Qe6+ Kh7 45. Qd7 Kg8 46. Bc3 dxe5 47. Qe6+ Kh7 48. Nxe5 Qe8 49. Ng4 Qg6 50. Qxc8 Qxe4 51. Qh8+ 1-0


[Site "Internet"]

[Event "Chessable Masters - Torneo preliminare"]
[White "Chigaev, Maksim"]
[Black "Firouzja, Alireza"]
[WhiteFideId "4108116"]
[BlackFideId "12573981"]
[WhiteElo "2568"]
[BlackElo "2745"]
[Result "0-1"]
[Round "2"]
[TimeControl "600+2"]
[Date "2023.03.13"]
[WhiteClock "0:00:09"]
[BlackClock "0:00:07"]

1. e4 c5 2. Nf3 d6 3. d4 cxd4 4. Nxd4 Nf6 5. Nc3 a6 6. h3 e5 7. Nb3 Be7 8. Be3 Be6 9. Qf3 O-O 10. O-O-O a5 11. Bb5 Na6 12. a4 Rc8 13. g4 Rxc3 14. bxc3 Qc7 15. Bg5 Rc8 16. Bxf6 Bxf6 17. h4 Nb4 18. Rh3 d5 19. exd5 e4 20. Qxe4 Na2+ 21. Kd2 Nxc3 22. Rxc3 Qxc3+ 23. Ke2 Qxc2+ 24. Qxc2 Rxc2+ 25. Kf3 Rc3+ 26. Kf4 Rxb3 27. dxe6 fxe6 28. g5 Rb4+ 29. Kg3 Be5+ 30. Kh3 Bd4 31. Kg3 Kf7 32. Rc1 Be5+ 33. Kh3 Rf4 34. Rc2 Ke7 35. Re2 Bd6 36. Rc2 h6 37. gxh6 gxh6 38. Re2 b6 39. Rd2 Re4 40. f3 Rf4 41. Rd3 Be5 42. h5 Bf6 43. Rd7+ Kf8 44. Kg3 Be5 45. Kg2 Rh4 46. Rb7 Bd4 47. Bc4 Bc5 48. Bxe6 Rxa4 49. Rf7+ Ke8 50. f4 Re4 51. f5 a4 52. Ra7 a3 53. Kf3 Re1 54. Kf4 b5 55. Ra5 Bd6+ 56. Kg4 b4 57. Ra7 Rxe6 58. fxe6 b3 0-1


[Site "Internet"]

[Event "Chessable Masters - Torneo preliminare"]
[White "Lazavik, Denis"]
[Black "Ibarra Jerez, Jose Carlos"]
[WhiteFideId "13515110"]
[BlackFideId "2226332"]
[WhiteElo "2488"]
[BlackElo "2546"]
[Result "1-0"]
[Round "2"]
[TimeControl "600+2"]
[Date "2023.03.13"]
[WhiteClock "0:00:12"]
[BlackClock "0:00:06"]

1. d4 Nf6 2. c4 d6 3. Nf3 g6 4. Nc3 Bf5 5. Qb3 b6 6. h3 Bg7 7. g4 Bd7 8. e4 O-O 9. Be3 Nc6 10. d5 Na5 11. Qc2 c5 12. Be2 a6 13. a4 e5 14. Nd2 Ne8 15. h4 Nc7 16. Rb1 Nb7 17. h5 g5 18. b4 Rb8 19. bxc5 Nxc5 20. a5 b5 21. O-O h6 22. f3 Bf6 23. Rb4 Qe7 24. Rfb1 Rfc8 25. Qa2 Qe8 26. Nb3 Be7 27. Qa3 Qd8 28. Nd2 Qe8 29. Qb2 Bd8 30. Qa2 Be7 31. R1b2 Bd8 32. cxb5 axb5 33. Nc4 N5a6 34. Nxd6 Nxb4 35. Qb3 Qf8 36. Nxc8 Rxc8 37. Qxb4 Qxb4 38. Rxb4 Na6 39. Rb3 Bxa5 40. Nxb5 Rc2 41. Bd3 Ra2 42. Nd6 Nb4 43. Bb1 Ra1 44. Kg2 Ba4 45. Rb2 Ra3 46. Bc5 Rb3 47. Rxb3 Bxb3 48. Nb7 Na6 49. Bd6 Bc3 50. Bd3 Nb4 51. Be2 Nc2 52. Nc5 Bd4 53. Nxb3 1-0


[Site "Internet"]

[Event "Chessable Masters - Torneo preliminare"]
[White "Van Foreest, Jorden"]
[Black "Svidler, Peter"]
[WhiteFideId "1039784"]
[BlackFideId "4102142"]
[WhiteElo "2682"]
[BlackElo "2752"]
[Result "1/2-1/2"]
[Round "2"]
[TimeControl "600+2"]
[Date "2023.03.13"]
[WhiteClock "0:03:19"]
[BlackClock "0:03:54"]

1. e4 e5 2. Nf3 Nc6 3. Bb5 a6 4. Ba4 Nf6 5. O-O Be7 6. d3 b5 7. Bb3 d6 8. c3 O-O 9. Re1 h6 10. Nbd2 Re8 11. a4 Bd7 12. Nf1 Na5 13. Bc2 c5 14. h3 Nc6 15. Ne3 b4 16. Bb3 Na5 17. Ba2 Rb8 18. Nd2 Bf8 19. Ndc4 Be6 20. Nxa5 Qxa5 21. Bxe6 Rxe6 22. Bd2 bxc3 23. Bxc3 Qd8 24. Qf3 g6 25. Rab1 Qd7 26. b3 Bg7 27. Rb2 Ree8 28. Reb1 Rb7 29. Nc4 Qe6 30. b4 Nxe4 31. Qxe4 d5 32. Qf3 e4 33. dxe4 dxe4 34. Qe3 Qxc4 35. Bxg7 Kxg7 36. Qxc5 Qxc5 37. bxc5 Rxb2 38. Rxb2 Rc8 39. Rb4 Rxc5 40. Rxe4 Rc1+ 41. Kh2 1/2-1/2


[Site "Internet"]

[Event "Chessable Masters - Torneo preliminare"]
[White "Salem, A.R. Saleh"]
[Black "Sychev, Klementy"]
[WhiteFideId "9301348"]
[BlackFideId "4114060"]
[WhiteElo "2654"]
[BlackElo "2484"]
[Result "1-0"]
[Round "2"]
[TimeControl "600+2"]
[Date "2023.03.13"]
[WhiteClock "0:01:22"]
[BlackClock "0:00:10"]

1. d3 d5 2. Nf3 Nc6 3. d4 Bf5 4. g3 e6 5. Bg2 h5 6. h4 Nf6 7. O-O Ne4 8. c4 Be7 9. Nc3 Qd7 10. Bf4 O-O 11. Ne5 Nxe5 12. dxe5 Rfd8 13. cxd5 Nxc3 14. bxc3 exd5 15. Qb3 Qc6 16. Rfd1 Be4 17. Bxe4 dxe4 18. c4 a6 19. a4 b6 20. Rd5 Bc5 21. Rad1 Qe8 22. Qc2 e3 23. f3 c6 24. R5d3 Rac8 25. Kg2 Ra8 26. Qc3 Rxd3 27. Rxd3 Qe6 28. Bxe3 Bxe3 29. Rxe3 b5 30. Rd3 Re8 31. f4 Qf5 32. Rd6 Qe4+ 33. Qf3 Qxc4 34. axb5 cxb5 35. Rxa6 b4 36. Rb6 Qc5 37. Rb7 g6 38. Qe4 Re6 39. Rb8+ Kg7 40. Qa8 Qc6+ 41. Qxc6 Rxc6 42. Rxb4 Rc3 43. Rb7 Kf8 44. Kf2 Kg8 45. Rb6 Kg7 46. e3 Kf8 47. Kf3 Rc1 48. e6 f5 49. e7+ 1-0


[Site "Internet"]

[Event "Chessable Masters - Torneo preliminare"]
[White "Rasulov, Vugar"]
[Black "Fedoseev, Vladimir"]
[WhiteFideId "13402390"]
[BlackFideId "24130737"]
[WhiteElo "2415"]
[BlackElo "2752"]
[Result "0-1"]
[Round "2"]
[TimeControl "600+2"]
[Date "2023.03.13"]
[WhiteClock "0:00:19"]
[BlackClock "0:01:19"]

1. e4 c6 2. d4 d5 3. exd5 cxd5 4. Bd3 Nf6 5. c3 Bg4 6. Qb3 Qc7 7. h3 Bd7 8. Nf3 Nc6 9. O-O e6 10. Re1 h6 11. Ne5 Bd6 12. Bf4 g5 13. Nxd7 Qxd7 14. Bxd6 Qxd6 15. Qxb7 Rb8 16. Qa6 Rxb2 17. Bb5 O-O 18. Bxc6 Rb6 19. Qxa7 Qxc6 20. Nd2 Rb2 21. Nf3 Ne4 22. Rab1 Qxc3 23. Rxb2 Qxb2 24. Rf1 h5 25. Ne5 Kg7 26. a4 g4 27. hxg4 hxg4 28. Nxg4 Nc3 29. g3 Qe2 30. Qc7 Qf3 31. Qe5+ f6 32. Nxf6 Rxf6 33. Kh2 Ne4 34. a5 Kh7 35. Qc7+ Rf7 36. Qe5 Rf5 37. Qc7+ Kg6 0-1


[Site "Internet"]

[Event "Chessable Masters - Torneo preliminare"]
[White "Praggnanandhaa, R"]
[Black "Sourath, Biswas"]
[WhiteFideId "25059530"]
[BlackFideId "35091484"]
[WhiteElo "2587"]
[BlackElo "2138"]
[Result "1-0"]
[Round "2"]
[TimeControl "600+2"]
[Date "2023.03.13"]
[WhiteClock "0:00:06"]
[BlackClock "0:00:12"]

1. Nf3 Nf6 2. g3 g6 3. b3 Bg7 4. Bb2 O-O 5. Bg2 d6 6. d4 c5 7. O-O Nc6 8. d5 Na5 9. Nfd2 e6 10. e4 exd5 11. exd5 Bg4 12. Qc1 b5 13. c4 Rb8 14. cxb5 Be2 15. Re1 Bxb5 16. Nc3 Bd3 17. Nde4 c4 18. Nxf6+ Bxf6 19. Qd2 Bf5 20. b4 Rxb4 21. Rac1 Bg5 22. Re3 Bxe3 23. fxe3 Bd3 24. Nd1 Rb5 25. Nf2 Bf5 26. g4 Bd3 27. Bd4 Nb7 28. Nxd3 cxd3 29. Qxd3 a6 30. a4 Rb4 31. Qxa6 Nc5 32. Bxc5 dxc5 33. h3 Qe7 34. e4 Qg5 35. Qf1 Rxa4 36. Kh1 Rc8 37. Rc2 c4 38. d6 c3 39. Qd1 Rac4 40. Qd3 R4c6 41. e5 Rc5 42. e6 fxe6 43. d7 Rd8 44. Qd6 Qe5 45. Qe7 Qc7 46. Rf2 Qxd7 47. Qxc5 Qd1+ 48. Rf1 Qd4 49. Rf8+ Kg7 50. Qe7+ Kh6 51. Qh4+ 1-0


[Site "Internet"]

[Event "Chessable Masters - Torneo preliminare"]
[White "Sadhwani, Raunak"]
[Black "Kevlishvili, Robby"]
[WhiteFideId "35093487"]
[BlackFideId "1040634"]
[WhiteElo "2550"]
[BlackElo "2577"]
[Result "0-1"]
[Round "2"]
[TimeControl "600+2"]
[Date "2023.03.13"]
[WhiteClock "0:01:09"]
[BlackClock "0:01:07"]

1. d4 d5 2. Nc3 Nf6 3. Bf4 a6 4. e3 Bf5 5. Bd3 Bg6 6. h4 e6 7. h5 Bxd3 8. cxd3 Bd6 9. h6 g6 10. Qb3 Bxf4 11. exf4 Nc6 12. Nf3 Qd6 13. g3 Qb4 14. Qxb4 Nxb4 15. Ke2 Nd7 16. a3 Nc6 17. Rac1 Ke7 18. Na4 f6 19. Rhe1 Kd6 20. Kd2 Rae8 21. Nc5 Nxc5 22. dxc5+ Kd7 23. d4 Rhf8 24. Rc3 g5 25. Rg1 g4 26. Nh2 Nxd4 27. Nxg4 e5 28. Rd3 Kc6 29. Re1 Kxc5 30. b4+ Kd6 31. Nxf6 Rxf6 32. Rxd4 Rxh6 33. fxe5+ Rxe5 34. Rxe5 Kxe5 35. Rg4 b6 36. Rg5+ Kd6 37. Rg8 Kc6 38. a4 Rf6 39. Ke2 Re6+ 40. Kd3 Re4 41. Rg7 Rxb4 42. Rxh7 Rxa4 43. Rg7 Kd6 44. f4 c5 45. f5 Ke5 46. g4 c4+ 47. Ke2 Ra2+ 48. Kf3 Ra3+ 49. Kf2 c3 50. Re7+ Kf4 51. f6 c2 52. f7 Rf3+ 53. Ke2 Kxg4 54. Kd2 Rf2+ 55. Kc1 d4 56. Re4+ Kg5 57. Rxd4 Rxf7 58. Kxc2 Kf5 59. Rd6 Rf6 60. Rd8 Ke5 61. Ra8 a5 62. Kb3 Kd5 63. Ka4 Rf4+ 64. Ka3 Kc5 65. Rc8+ Kb5 66. Rc3 Rc4 67. Rh3 Rd4 68. Kb3 Kc5 69. Rh5+ Rd5 70. Rh3 b5 71. Rc3+ Kb6 72. Rh3 a4+ 73. Ka3 Ka5 74. Rh4 b4+ 75. Kb2 Rd2+ 76. Kb1 a3 77. Rh3 Ka4 78. Rh4 Rb2+ 79. Ka1 Rc2 80. Kb1 Re2 81. Ka1 Rd2 82. Kb1 Kb3 83. Rh3+ Kc4 84. Rh4+ Kc3 85. Rh3+ Rd3 86. Rh1 b3 87. Rc1+ Kb4 88. Rh1 Rc3 89. Rh4+ Rc4 90. Rh1 a2+ 91. Ka1 Ka3 0-1


[Site "Internet"]

[Event "Chessable Masters - Torneo preliminare"]
[White "Le, Quang Liem"]
[Black "Shyam, Sundar M."]
[WhiteFideId "12401137"]
[BlackFideId "5019141"]
[WhiteElo "2661"]
[BlackElo "2464"]
[Result "1-0"]
[Round "2"]
[TimeControl "600+2"]
[Date "2023.03.13"]
[WhiteClock "0:07:23"]
[BlackClock "0:00:49"]

1. d4 Nf6 2. Nf3 g6 3. Bf4 Bg7 4. Nc3 d5 5. Nb5 Na6 6. e3 O-O 7. h3 Ne4 8. Nd2 Nxd2 9. Qxd2 c6 10. Nc3 Nc7 11. O-O-O b5 12. h4 h5 13. Be2 f6 14. g4 Bxg4 15. Bxg4 hxg4 16. Rdg1 e5 17. Bh2 Qd7 18. f3 Bh6 19. Rxg4 Kh7 20. h5 exd4 21. hxg6+ Kg7 22. Bf4 Bxf4 23. Rh7+ Kg8 24. exf4 Qe6 25. f5 dxc3 26. Rh8+ Kxh8 27. Qh6+ Kg8 28. Qh7# 1-0


[Site "Internet"]

[Event "Chessable Masters - Torneo preliminare"]
[White "Abdusattorov, Nodirbek"]
[Black "Vasquez Schroeder, Rodrigo"]
[WhiteFideId "14204118"]
[BlackFideId "3400042"]
[WhiteElo "2714"]
[BlackElo "2589"]
[Result "1-0"]
[Round "2"]
[TimeControl "600+2"]
[Date "2023.03.13"]
[WhiteClock "0:08:16"]
[BlackClock "0:06:47"]

1. e4 c5 2. Nf3 d6 3. c3 Nf6 4. Be2 Bg4 5. h3 Bh5 6. O-O Nc6 7. d4 cxd4 8. cxd4 d5 9. e5 Ne4 10. e6 fxe6 11. Nc3 Nxc3 12. bxc3 Qd6 13. Re1 Bg6 14. Ng5 Bf5 15. Bg4 Bxg4 16. Qxg4 e5 17. dxe5 Nxe5 18. Rxe5 1-0


[Site "Internet"]

[Event "Chessable Masters - Torneo preliminare"]
[White "Keymer, Vincent"]
[Black "Aditya, Mittal"]
[WhiteFideId "12940690"]
[BlackFideId "35042025"]
[WhiteElo "2630"]
[BlackElo "2386"]
[Result "0-1"]
[Round "2"]
[TimeControl "600+2"]
[Date "2023.03.13"]
[WhiteClock "0:00:04"]
[BlackClock "0:00:11"]

1. c4 Nf6 2. Nf3 e6 3. Nc3 d5 4. e3 c5 5. cxd5 exd5 6. Bb5+ Nc6 7. Ne5 Qc7 8. Qa4 Bd7 9. Nxd7 Qxd7 10. Bxc6 bxc6 11. b3 Bd6 12. O-O O-O 13. Ba3 Rab8 14. Rac1 Rfe8 15. Qh4 Re5 16. f4 Rh5 17. Qg3 Re8 18. Qf3 Rh6 19. Ne2 Ne4 20. Rc2 g5 21. h3 f5 22. fxg5 Nxg5 23. Qxf5 Nxh3+ 24. gxh3 Rg6+ 25. Kh1 Rf8 26. Qxf8+ Bxf8 27. Nf4 Bd6 28. Kh2 Qf5 29. Rcc1 Qg5 30. Rg1 Bxf4+ 31. exf4 Qxf4+ 32. Kh1 Qf3+ 33. Kh2 Qf2+ 34. Kh1 Rxg1+ 35. Rxg1+ Kf7 36. Rg2 Qe1+ 37. Kh2 d4 38. d3 Qe5+ 39. Rg3 Qe2+ 40. Rg2 Qxd3 41. Bxc5 Qc3 42. Bxa7 d3 43. Rf2+ Ke6 44. Be3 Qe5+ 45. Bf4 Qe1 46. Kg2 Kd5 47. Bd2 Qb1 48. Bc3 Ke4 49. b4 Kd5 50. a4 Kc4 51. Bd2 Qa1 52. a5 h5 53. Rf4+ Kb3 54. Rf3 Qg7+ 55. Kh2 Qe5+ 56. Kg2 Qe2+ 57. Rf2 Qe4+ 58. Kg1 Qc4 59. Rf4 Qc2 60. Rf2 Qd1+ 61. Kg2 Qa1 62. Rf3 Qg7+ 63. Kh2 Qe5+ 64. Kg2 Qe4 65. Kg3 h4+ 66. Kg2 Kc2 67. Bf4 d2 68. Bxd2 Kxd2 69. a6 Ke2 0-1


[Site "Internet"]

[Event "Chessable Masters - Torneo preliminare"]
[White "Fier, Alexandr"]
[Black "Petrov, Nikita"]
[WhiteFideId "2107139"]
[BlackFideId "4101286"]
[WhiteElo "2504"]
[BlackElo "2514"]
[Result "1/2-1/2"]
[Round "2"]
[TimeControl "600+2"]
[Date "2023.03.13"]
[WhiteClock "0:01:16"]
[BlackClock "0:00:11"]

1. e4 e5 2. Nf3 Nc6 3. Bc4 Bc5 4. c3 Nf6 5. d4 exd4 6. e5 d5 7. Bb5 Ne4 8. cxd4 Bb6 9. Nc3 O-O 10. Be3 f5 11. exf6 Nxf6 12. Bxc6 bxc6 13. Ne5 Bb7 14. O-O Nd7 15. Nxd7 Qxd7 16. Na4 Ba6 17. Re1 Qf5 18. Qd2 Bb5 19. Nc5 Bxc5 20. dxc5 a5 21. Bd4 a4 22. Re3 Rae8 23. Rae1 Rxe3 24. Qxe3 h6 25. h3 Rf7 26. a3 Qd3 27. Qe8+ Rf8 28. Qe6+ Rf7 29. Qe8+ Rf8 30. Qe5 Rf7 31. f3 Qf5 32. Qxf5 Rxf5 33. Re8+ Rf8 34. Rxf8+ Kxf8 35. Kf2 Kf7 36. Be5 g6 37. Bxc7 h5 38. Be5 Ke6 39. Bd4 Bc4 40. g4 Bb3 41. Kg3 Bd1 42. f4 hxg4 43. hxg4 Bc2 44. Kh4 Bd3 45. Kg5 Bc2 46. Kh6 Kf7 47. Bc3 Bd3 48. b3 axb3 49. a4 Ba6 50. a5 Bd3 51. Bd4 Kg8 52. Kg5 Kf7 53. f5 gxf5 54. gxf5 Bb5 55. Kf4 Ke7 56. Ke5 Bc4 57. Bb2 Bd3 58. Kf4 Bc4 59. Kg5 Kf7 60. f6 Bd3 61. Kf4 Ke6 62. Kg5 Kf7 63. Bd4 Ke6 64. Kf4 Bb5 65. Kg4 Bd3 66. Kg5 Kf7 67. Kh6 Bb5 68. Kh5 Be2+ 69. Kg5 Bd3 70. Kf4 Ke6 71. Ke3 Bb5 72. Kd2 Bc4 73. Kc3 Kf7 1/2-1/2


[Site "Internet"]

[Event "Chessable Masters - Torneo preliminare"]
[White "Kosteniuk, Alexandra"]
[Black "Vaibhav, Suri"]
[WhiteFideId "4128125"]
[BlackFideId "5045185"]
[WhiteElo "2524"]
[BlackElo "2543"]
[Result "1-0"]
[Round "2"]
[TimeControl "600+2"]
[Date "2023.03.13"]
[WhiteClock "0:00:21"]
[BlackClock "0:00:18"]

1. e4 e5 2. Nf3 Nc6 3. Bc4 Bc5 4. c3 Nf6 5. d4 exd4 6. cxd4 Bb4+ 7. Nbd2 Nxe4 8. d5 Ne7 9. O-O Nxd2 10. Nxd2 O-O 11. Ne4 d6 12. a3 Ba5 13. b4 Bb6 14. Bb2 Ng6 15. Qd2 Ne5 16. Be2 Qh4 17. Ng5 h6 18. Nf3 Nxf3+ 19. Bxf3 Bf5 20. Qc3 Qg5 21. h4 Qg6 22. Bh5 Qh7 23. Rfe1 Bg6 24. Bf3 a5 25. Re7 axb4 26. axb4 Rxa1+ 27. Bxa1 h5 28. Bb2 f6 29. Qe1 Kh8 30. Qe2 Qh6 31. g3 Ra8 32. Kg2 Rf8 33. Qe1 Qh7 34. Qd1 Re8 35. Rxe8+ Bxe8 36. Qe2 Bf7 37. Be4 Qg8 38. Qf3 Qe8 39. Qf5 Kg8 40. Qh7+ Kf8 41. Qh8+ Bg8 42. Bh7 Qf7 43. Bxg8 Qxg8 44. Qxh5 Qf7 45. Qf5 Ke7 46. h5 c6 47. dxc6 bxc6 48. Qe4+ Kd7 49. Qg4+ Kc7 50. Qf3 Qe6 51. Bc3 d5 52. Bd2 Kd7 53. g4 Bc7 54. Be3 Qe5 55. Bc5 Bd6 56. Bxd6 Kxd6 57. Qa3 Qe4+ 58. Kg3 Ke6 59. Qa8 d4 60. Qg8+ Kd6 61. Qxg7 Qe5+ 62. Kg2 d3 63. Qf8+ Kd5 64. Qd8+ Kc4 65. h6 Qe4+ 66. Kg3 Qe5+ 67. Kg2 Qe2 68. Kg3 d2 69. h7 Qe5+ 70. Kh3 Qd5 71. Qxd5+ cxd5 72. h8=Q d1=Q 73. Qxf6 Qh1+ 74. Kg3 d4 75. Qf7+ Kc3 76. Qc7+ Kd2 77. Qf4+ Kc3 78. Qe5 Qg1+ 79. Kf3 Qh1+ 80. Kg3 Qg1+ 81. Kf3 Qh1+ 82. Ke2 Qg1 83. Qc5+ Kb3 84. Qxd4 Qg2 85. g5 Kc2 86. Qc4+ Kb2 87. Qd4+ Kc2 88. Qd3+ Kb2 89. g6 Qg4+ 90. f3 Qg2+ 91. Ke3 Qg5+ 92. Kf2 Qh4+ 93. Ke2 Qh2+ 94. Ke3 Qg1+ 95. Kf4 Qh2+ 96. Kf5 Qh5+ 97. Ke6 Qh3+ 98. Qf5 Qh6 99. Qf6+ Kb3 100. g7 1-0


[Site "Internet"]

[Event "Chessable Masters - Torneo preliminare"]
[White "Xu, Yi"]
[Black "Le, Tuan Minh"]
[WhiteFideId "8605564"]
[BlackFideId "12401153"]
[WhiteElo "2402"]
[BlackElo "2489"]
[Result "0-1"]
[Round "2"]
[TimeControl "600+2"]
[Date "2023.03.13"]
[WhiteClock "0:00:05"]
[BlackClock "0:00:13"]

1. e4 c5 2. Nf3 Nf6 3. e5 Nd5 4. Nc3 e6 5. Nxd5 exd5 6. d4 Nc6 7. dxc5 Bxc5 8. Qxd5 d6 9. exd6 Qb6 10. Qe4+ Be6 11. Qh4 Bxd6 12. c3 Be7 13. Qg3 O-O-O 14. Be2 h5 15. O-O h4 16. Qf4 g5 17. Nxg5 Bxg5 18. Qxg5 Rdg8 19. Qe3 Qa5 20. Bf3 Qf5 21. Qf4 Qg6 22. Kh1 Rh5 23. Be3 Rf5 24. Be4 h3 25. g3 Bd5 26. Bxd5 Rxf4 27. Bxf4 Rd8 28. Bf3 Rd3 29. Bd1 Ne7 30. Kg1 Nd5 31. Be5 Qe4 32. f3 Qxe5 33. Bc2 Qe3+ 34. Rf2 Rd2 0-1


[Site "Internet"]

[Event "Chessable Masters - Torneo preliminare"]
[White "Martinez Alcantara, Jose Eduardo"]
[Black "Matinian, Nikita"]
[WhiteFideId "3805662"]
[BlackFideId "24129100"]
[WhiteElo "2643"]
[BlackElo "2326"]
[Result "1-0"]
[Round "2"]
[TimeControl "600+2"]
[Date "2023.03.13"]
[WhiteClock "0:00:08"]
[BlackClock "0:00:03"]

1. e4 e5 2. Nf3 Nc6 3. Nc3 Nf6 4. h3 d5 5. exd5 Nxd5 6. Bb5 Nxc3 7. bxc3 Bd6 8. d4 exd4 9. cxd4 O-O 10. O-O h6 11. c4 Qf6 12. Re1 Bf5 13. Be3 Rad8 14. Bxc6 bxc6 15. Qe2 Rfe8 16. c5 Bf8 17. Nd2 Qg6 18. Qf3 Rd5 19. Bf4 Rxe1+ 20. Rxe1 Rxd4 21. Re8 Bd7 22. Ra8 Qf5 23. Be3 Qxf3 24. Nxf3 Rd5 25. a4 g5 26. a5 f5 27. a6 f4 28. Bd4 g4 29. hxg4 Bxg4 30. Bc3 Rd1+ 31. Kh2 Bxf3 32. gxf3 Rd3 33. Be5 Rxf3 34. Bxc7 Kf7 35. Kg2 Ra3 36. Rxa7 Ke6 37. Bb6 Be7 38. Ra8 f3+ 39. Kh3 Ra1 40. a7 Bg5 41. Re8+ Kf5 42. Rf8+ Ke4 43. a8=Q Rh1+ 44. Kg4 Rh4+ 45. Kg3 1-0


[Site "Internet"]